 Dungeon Crawl Stone Soup version 0.31-a0-466-g98c9adc2b6 (webtiles) character file.

Game seed: 544546861988205055

12708 Vomitron the Destroyer (level 11, -3/61 HPs)
             Began as an Octopode Conjurer on Aug 5, 2023.
             Was a Believer of Vehumet.
             Slain by Fannar
             ... wielding a +0 quarterstaff of freezing
              (32 damage)
             ... on level 10 of the Dungeon on Aug 6, 2023.
             The game lasted 00:38:13 (10756 turns).

Vomitron the Destroyer (Octopode Conjurer)         Turns: 10756, Time: 00:38:13

Health: -3/61      AC:  1    Str: 10    XL:     11   Next: 97%
Magic:  9/32       EV: 13    Int: 25    God:    Vehumet [**....]
Gold:   457        SH:  7    Dex: 17    Spells: 9/26 levels left

rFire   . . .        p - +9 trident "Oppeumpa" {heavy, Str+4}
rCold   . . .        n - +1 buckler
rNeg    . . .        (helmet restricted)
rPois   .            k - amulet of magic regeneration
rElec   .            A - ring of willpower
rCorr   .            E - ring of wizardry
SInv    +            F - ring of see invisible
Will    +....        B - ring of magical power
Stlth   ++++++       O - +6 ring of dexterity
HPRegen 0.30/turn    (no ring)
MPRegen 0.63/turn    (no ring)
                     (no ring)

%: wizardry (x1)
@: no status effects
A: almost no armour, amphibious, 8 rings, camouflage 1, gelatinous body 1,
(nimble swimmer 1), tentacles
a: Renounce Religion


You were on level 10 of the Dungeon.
You worshipped Vehumet.
Vehumet was pleased with you.
You visited 2 branches of the dungeon, and saw 11 of its levels.
You also visited: Bailey.

You collected 622 gold pieces.
You spent 165 gold pieces at shops.

Inventory:

Hand Weapons
 h - a +0 quarterstaff
 p - the +9 trident "Oppeumpa" (weapon) {heavy, Str+4}
   (You found it on level 6 of the Dungeon)

   Str:       It affects your strength (+4).
 v - a +1 falchion of protection
 w - a +0 dagger of venom
 x - a +6 dagger of venom
Missiles
 q - 4 datura-tipped darts
 r - 8 poisoned darts
Armour
 n - a +1 buckler (worn)
 K - the +0 kite shield of Zejoguw {Dex+4 Stlth+}
   (You acquired it in a bailey)

   Dex:       It affects your dexterity (+4).
   Stlth:     It makes you more stealthy.
Magical Staves
 J - a staff of fire
Jewellery
 j - an amulet of the acrobat
 k - an amulet of magic regeneration (around mantle)
 y - an amulet of reflection
 A - a ring of willpower (left tentacle)
 B - a ring of magical power (on tentacle)
 E - a ring of wizardry (right tentacle)
 F - a ring of see invisible (on tentacle)
 O - a +6 ring of dexterity (on tentacle)
Wands
 e - a wand of acid (10)
 f - a wand of iceblast (11)
 z - a wand of charming (7)
 M - a wand of flame (6)
Scrolls
 i - 4 scrolls of fog
 o - 7 scrolls of teleportation
 s - 3 scrolls of poison
 D - a scroll of revelation
 H - a scroll of blinking
 I - a scroll of enchant weapon
 N - a scroll of enchant armour
Potions
 a - a potion of magic
 b - 3 potions of attraction
 c - 3 potions of heal wounds
 d - 2 potions of mutation
 g - 2 potions of cancellation
 l - 2 potions of brilliance {unknown}
 m - 2 potions of lignification {unknown}
 t - 2 potions of might
 u - 8 potions of curing
 C - 2 potions of haste
 G - 4 potions of invisibility
 L - 4 potions of enlightenment
 P - a potion of resistance {unknown}


   Skills:
 - Level 2.0 Dodging
 + Level 10.9 Stealth
 + Level 6.1 Shields
 + Level 8.3 Spellcasting
 + Level 12.1 Conjurations
 - Level 4.0 Hexes
 + Level 5.0 Translocations
 - Level 3.0 Air Magic


You had 9 spell levels left.
You knew the following spells:

 Your Spells              Type           Power      Damage    Failure   Level
a - Magic Dart            Conj           100%       1d8       1%          1
b - Searing Ray           Conj           100%       2d8       1%          2
c - Fulminant Prism       Conj/Hex       25%        3d14      1%          4
d - Iskenderun's Mystic   Conj/Tloc      52%        2d11      1%          4
e - Swiftness             Air            25%        N/A       2%          3
f - Shock                 Conj/Air       100%       1d9       1%          1
g - Momentum Strike       Conj/Tloc      100%       3d10      1%          2

Your spell library contained the following spells:

 Spells                   Type           Power      Damage    Failure   Level
 Dazzling Flash           Conj/Hex       100%       N/A       1%          3
 Ensorcelled Hibernation  Hex/Ice        40%        N/A       2%          2
 Passwall                 Tmut/Erth      8%         N/A       4%          2
 Ozocubu's Armour         Ice            10%        N/A       10%         3
 Metabolic Englaciation   Hex/Ice        10%        N/A       34%         5
 Simulacrum               Ice/Necr       5%         N/A       99%         6


Dungeon Overview and Level Annotations

Branches:
Dungeon (10/15)            Temple (1/1) D:7            Lair (0/5) D:10
    Orc (0/2) D:9          Bailey (visited)

Altars:
Ashenzari
Cheibriados
Dithmenos
Elyvilon
Fedhas
Gozag
Hepliaklqana
Kikubaaqudgha
Makhleb
Nemelex Xobeh
Okawaru
Qazlal
Ru
Sif Muna
Trog
Uskayaw
Vehumet
Wu Jian
Xom
Yredelemnul
Zin
The Shining One

Shops:
D:2 ?   D:9 [

Annotations:
D:4 3 runed translucent doors, CraigForest's ghost, amateur MiBe
D:5 exclusion: door
D:7 3 runed translucent doors, bobo's ghost, novice MfGl
D:10 3 runed translucent doors, Fannar; liarliar's ghost, journeyman AtBe


Innate Abilities, Weirdness & Mutations

You cannot wear most types of armour.
You are amphibious.
You can wear up to eight rings at the same time.
Your skin changes colour to match your surroundings (Stealth+).
Your rubbery body absorbs attacks. (AC +1, EV +1)
((You are camouflaged when in or above water. (Stealth+)))
You have tentacles for arms and can constrict up to eight enemies at once.


Message History

Your fulminant prism detonates feebly.
The wraith resists.
The wraith is destroyed!
Unknown command.
Casting: Fulminant Prism (dangerous; 1% risk of failure)
Confirm with . or Enter, or press ? or * to list all spells.
Aiming: Fulminant Prism (dangerous; 1% risk of failure)
Press: ? - help, Dir - move target You conjure a prism of explosive energy!
A fulminant prism comes into view.
Your fulminant prism crackles loudly.
Your fulminant prism explodes!
The blast of energy engulfs Fannar!
Fannar is severely wounded.
Casting: Fulminant Prism (dangerous; 1% risk of failure)
Confirm with . or Enter, or press ? or * to list all spells.
Aiming: Fulminant Prism (dangerous; 1% risk of failure)
Press: ? - help, Dir - move target You conjure a prism of explosive energy!
A fulminant prism comes into view.
You hear a loud crackle.
You hear an explosion!
The blast of energy engulfs Fannar!!
Fannar is almost dead.
Casting: Fulminant Prism (dangerous; 1% risk of failure)
Confirm with . or Enter, or press ? or * to list all spells.
Aiming: Searing Ray (safe; 1% risk of failure)
Press: ? - help, Shift-Dir - straight line, f - Fannar
Aim: Fannar, wielding a +0 quarterstaff of freezing, wearing a +2 robe of cold resistance and wearing a ring of ice (almost dead, 72% to hit)
The searing ray misses Fannar. (Press . to maintain the ray.) Fannar casts a spell.
Fannar blinks!
Unknown command.
The searing ray hits Fannar!
Fannar is almost dead.
Fannar casts a spell.
Fannar drains the heat from the surrounding environment!
Ouch! That really hurt!
You die...

#####.###### #.....
#..........#### #.....
#.............# #..###
#..........##.###..#W.
#......e...##..##..##.
#..........###..#..# .
#..........# ##.#..# .
#..........# #.'..#
#....@.....# ###..###
########ยง### #....#
#....*# ###'##
###e##### #..#
#......# ##.# #e.....#
#####'# #......#
#...... #..e...#
+<..... #......#
#......


You could see Fannar.

Vanquished Creatures
  An orc warlord (Bailey)
  7 death yaks (D:10)
  Pikel (D:5)
  Joseph (D:9)
  2 hornets
  7 yaks
  A wraith (D:10)
  2 wyverns
  Grum (D:9)
  4 vampire mosquitoes (D:10)
  A water moccasin (D:8)
  7 orc warriors
  2 black bears
  5 ogres
  2 lemures (D:5)
  4 wolves (D:9)
  3 centaurs
  A phantom (D:5)
  5 bullfrogs
  A gnoll sergeant (D:9)
  2 scorpions (D:5)
  7 wights
  8 killer bees (D:10)
  An electric eel (D:9)
  4 jellies
  Crazy Yiuf (D:7)
  4 hounds
  6 orc priests
  Ijyb (D:4)
  6 iguanas
  Natasha (thrice) (D:4)
  10 orc wizards
  4 gnolls
  10 adders
  A white imp (D:7)
  An ufetubus (D:5)
  2 worms
  3 dart slugs
  48 orcs
  5 endoplasms
  5 giant cockroaches
  13 goblins
  17 hobgoblins
  5 quokkas
  9 ball pythons
  14 bats
  5 frilled lizards
  14 kobolds
  9 rats
276 creatures vanquished.

Vanquished Creatures (others)
  A wraith (D:10)
  83 fulminant prisms
84 creatures vanquished.

Grand Total: 360 creatures vanquished

Notes
Turn   | Place    | Note
-------+----------+-------------------------------------------
     0 | D:1      | Vomitron the Octopode Conjurer began the quest for the Orb.
     0 | D:1      | Reached XP level 1. HP: 11/11 MP: 3/3
   164 | D:1      | Reached XP level 2. HP: 11/17 MP: 0/5
   807 | D:1      | Reached XP level 3. HP: 21/21 MP: 3/6
   879 | D:1      | Learned a level 2 spell: Searing Ray
  1662 | D:2      | Found Zioteb's Magic Scroll Shoppe.
  1670 | D:2      | Reached XP level 4. HP: 27/27 MP: 4/7
  1675 | D:2      | Learned a level 4 spell: Fulminant Prism
  1680 | D:2      | Bought a scroll of teleportation for 33 gold pieces
  1705 | D:2      | Found a bloodstained altar of Trog.
  2231 | D:2      | Reached skill level 5 in Conjurations
  2468 | D:3      | Reached XP level 5. HP: 24/31 MP: 4/9
  2600 | D:3      | Reached skill level 1 in Hexes
  3155 | D:4      | Found a snail-covered altar of Cheibriados.
  3190 | D:4      | Reached XP level 6. HP: 36/36 MP: 7/10
  3243 | D:4      | Reached skill level 5 in Stealth
  3266 | D:4      | Reached skill level 6 in Conjurations
  3395 | D:4      | Noticed Ijyb
  3411 | D:4      | Killed Ijyb
  3454 | D:4      | Noticed Natasha
  3459 | D:4      | Killed Natasha
  3531 | D:4      | Reached XP level 7. HP: 22/41 MP: 12/12
  3888 | D:4      | Found a runed translucent gate.
  3889 | D:4      | Found a runed translucent gate.
  3889 | D:4      | Found a runed translucent gate.
  3891 | D:4      | Noticed CraigForest's ghost (amateur MiBe)
  3918 | D:4      | Noticed Natasha
  3930 | D:4      | Killed Natasha
  4074 | D:4      | Noticed Natasha
  4080 | D:4      | Killed Natasha
  4114 | D:5      | Entered Level 5 of the Dungeon
  4160 | D:5      | Learned a level 4 spell: Iskenderun's Mystic Blast
  4240 | D:5      | Found an ornate altar of the Wu Jian Council.
  4513 | D:5      | Noticed Pikel
  4529 | D:5      | HP: 1/41 [Pikel/+2 whip of flaming (5)]
  4622 | D:5      | Killed Pikel
  4623 | D:5      | Reached skill level 7 in Conjurations
  4623 | D:5      | Reached XP level 8. HP: 46/46 MP: 9/14
  5285 | D:5      | Reached skill level 5 in Spellcasting
  5285 | D:5      | Reached skill level 8 in Conjurations
  5285 | D:5      | Reached XP level 9. HP: 51/51 MP: 9/16
  5438 | D:5      | Noticed a kobold demonologist
  5722 | D:6      | Identified the +9 trident "Oppeumpa" {heavy, Str+4}
  6302 | D:7      | Reached skill level 9 in Conjurations
  6423 | D:7      | Found a staircase to the Ecumenical Temple.
  6430 | Temple   | Entered the Ecumenical Temple
  6439 | Temple   | Became a worshipper of Vehumet
  6468 | D:7      | Found a runed translucent gate.
  6468 | D:7      | Found a runed translucent gate.
  6468 | D:7      | Found a runed translucent gate.
  6470 | D:7      | Noticed bobo's ghost (novice MfGl)
  6833 | D:7      | Learned a level 3 spell: Swiftness
  7044 | D:7      | Found a runed translucent door.
  7045 | D:7      | Noticed Crazy Yiuf
  7242 | D:7      | Killed Crazy Yiuf
  7314 | D:8      | Noticed a hornet
  7322 | D:8      | Killed a hornet
  7323 | D:8      | Reached skill level 1 in Shields
  7487 | D:8      | Reached skill level 1 in Air Magic
  7551 | D:8      | Found a flagged portal.
  7575 | Bailey   | Entered a bailey
  7605 | Bailey   | Reached XP level 10. HP: 56/56 MP: 16/19
  7613 | Bailey   | Noticed an orc warlord
  7682 | Bailey   | Reached * piety under Vehumet
  7682 | Bailey   | Offered knowledge of Freeze by Vehumet.
  7683 | Bailey   | Reached skill level 5 in Translocations
  7770 | Bailey   | Found a runed translucent gate.
  7814 | Bailey   | Found a runed translucent gate.
  7814 | Bailey   | Found a runed translucent gate.
  7981 | Bailey   | Killed an orc warlord
  8044 | Bailey   | Acquired the +0 kite shield of Zejoguw {Dex+4 Stlth+}
  8389 | D:2      | Bought 3 scrolls of identify for 66 gold pieces
  8389 | D:2      | Bought a scroll of identify for 22 gold pieces
  8389 | D:2      | Bought a scroll of fog for 44 gold pieces
  8558 | D:9      | Reached skill level 10 in Conjurations
  8560 | D:9      | Noticed Grum
  8889 | D:9      | Offered knowledge of Shock by Vehumet.
  8895 | D:9      | Learned a level 1 spell: Shock
  8933 | D:9      | Noticed Joseph
  8940 | D:9      | Reached ** piety under Vehumet
  8970 | D:9      | Killed Joseph
  9093 | D:9      | Killed Grum
  9201 | D:9      | Found a staircase to the Orcish Mines.
  9247 | D:9      | Reached XP level 11. HP: 61/61 MP: 18/21
  9311 | D:9      | Found Nagur's Antique Armour Boutique.
  9686 | D:10     | Entered Level 10 of the Dungeon
  9772 | D:10     | Noticed a death yak
  9790 | D:10     | Noticed a death yak
  9791 | D:10     | Killed a death yak
  9792 | D:10     | Reached skill level 11 in Conjurations
  9834 | D:10     | Noticed a death yak
  9845 | D:10     | Killed a death yak
  9846 | D:10     | Reached skill level 5 in Shields
  9879 | D:10     | Killed a death yak
  9953 | D:10     | Reached skill level 10 in Stealth
 10115 | D:10     | Found a runed translucent gate.
 10115 | D:10     | Found a runed translucent gate.
 10115 | D:10     | Found a runed translucent gate.
 10116 | D:10     | Noticed liarliar's ghost (journeyman AtBe)
 10435 | D:10     | Found a staircase to the Lair.
 10435 | D:10     | Noticed a death yak
 10436 | D:10     | Noticed a death yak
 10465 | D:10     | Killed a death yak
 10531 | D:10     | Found a shadowy altar of Dithmenos.
 10531 | D:10     | Found a white marble altar of Elyvilon.
 10539 | D:10     | Found a blossoming altar of Fedhas.
 10541 | D:10     | Found a shimmering blue altar of Sif Muna.
 10543 | D:10     | Found a glowing silver altar of Zin.
 10577 | D:10     | Noticed a death yak
 10577 | D:10     | Noticed a death yak
 10607 | D:10     | Killed a death yak
 10638 | D:10     | Killed a death yak
 10639 | D:10     | Reached skill level 12 in Conjurations
 10647 | D:10     | Killed a death yak
 10647 | D:10     | Offered knowledge of Momentum Strike by Vehumet.
 10732 | D:10     | Learned a level 2 spell: Momentum Strike
 10734 | D:10     | Noticed Fannar
 10756 | D:10     | Slain by Fannar

Illustrated notes

Levels and vault maps discovered:
D:1:      dpeg_arrival_prison, layout_loops_corners, minmay_tromino_v4_a
D:2:      layout_loops_cross, basic_altar, serial_shops, shop_fountains,
          grunt_decor_resistance, minmay_misc_feat_hallway
D:3:      layout_rooms, nrook_loot_triangle, kennysheep_generic_room_16
D:4:      minmay_evil_eye, layout_loops_ring, cheibrodos_worm_habitat,
          gammafunk_ghost_necromancy, uniq_natasha, uniq_ijyb
D:5:      kennysheep_windowed_halls, layout_loops_ring, lemuel_crystal_altar,
          uniq_pikel
D:6:      layout_rooms, minmay_stone_trees_small
D:7:      layout_gridville, minmay_temple_entry_enclosed_plants,
          gammafunk_ghost_nasty_kobolds, corexii_leaking_fountain,
          uniq_crazy_yiuf_cottage
D:8:      layout_gridville, enter_bailey_5
D:9:      layout_basic, serial_shops, shop, uniq_grum, uniq_joseph
D:10:     layout_roguey, chequers_temple_overflow_minitemple,
          dpeg_lair_monsters, gammafunk_ghost_spectres, uniq_fannar
Temple:   eino_wide_crystal_templ

Skill      XL: |  1  2  3  4  5  6  7  8  9 10 11 |
---------------+----------------------------------+-----
Stealth        | 3 4 5 6 7 8 9 10 | 10.9
Conjurations   | 5 6 7 8 9 10 12 | 12.1
Hexes          | 1 2 3 4 |  4.0
Spellcasting   | 3 4 5 6 7 8 |  8.3
Translocations | 2 3 4 5 |  5.0
Shields        | 1 4 6 |  6.1
Air Magic      | 1 3 |  3.0
Dodging        | |  2.0

Action                     |  1- 3 |  4- 6 |  7- 9 | 10-12 || total
---------------------------+-------+-------+-------+-------++-------
  Melee: Unarmed           |     9 |       |       |       ||     9
         Tentacles         |     2 |     3 |     8 |     2 ||    15
         Constrict         |     2 |     2 |    13 |     1 ||    18
         Quarterstaff      |       |     2 |       |       ||     2
         Dagger            |       |    17 |    41 |       ||    58
         Trident           |       |       |     6 |    24 ||    30
   Cast: Magic Dart        |    81 |    86 |    98 |    71 ||   336
         Searing Ray       |       |    12 |    25 |    30 ||    67
         Fulminant Prism   |       |       |    15 |    68 ||    83
         Iskenderun's Myst |       |       |     5 |    43 ||    48
    Use: Scroll            |       |    10 |     7 |     5 ||    22
         Potion            |       |       |     1 |       ||     1
   Stab: Sleeping          |     1 |     4 |     5 |       ||    10
 Armour: Skin              |     2 |     2 |     2 |     1 ||     7
  Dodge: Dodged            |     7 |    15 |    38 |    20 ||    80
  Block: Buckler           |       |       |       |     8 ||     8

Table legend: (Time is in decaauts)
 A = Elapsed time spent in this place.
 B = Non-inter-level travel time spent in this place.
 C = Inter-level travel time spent in this place.
 D = Time resting spent in this place.
 E = Time spent auto-exploring this place.
 F = Levels seen in this place.
 G = Mean time per level.
                   A        B        C        D        E       F      G
               +--------+--------+--------+--------+--------+-----+--------+
         Total |  10804 |  10144 |    660 |   1870 |   5869 |  12 |  900.3 |
       Dungeon |  10303 |   9643 |    660 |   1805 |   5864 |  10 | 1030.3 |
        Temple |     16 |     16 |      0 |      0 |      0 |   1 |   16.0 |
        Bailey |    484 |    484 |      0 |     65 |      5 |   1 |  484.0 |
               +--------+--------+--------+--------+--------+-----+--------+

Top non-repeatable levels by time:
     D:1: 1501 daAuts
     D:7: 1435 daAuts
     D:5: 1433 daAuts
     D:9: 1116 daAuts
     D:4: 1109 daAuts
    D:10: 1008 daAuts
     D:2: 803 daAuts
     D:3: 778 daAuts
     D:6: 594 daAuts
     D:8: 522 daAuts
  Bailey: 484 daAuts
  Temple: 16 daAuts
